 Dungeon Sprint DCSS version 0.28-a0-384-g9e0c098162 (webtiles) character file.

Game seed: 2693112452527807616

3777 MikeHunt the Severer (level 9, -10/144 HPs)
             Began as a Minotaur Berserker on Sept 2, 2021.
             Was the Champion of Trog.
             Mangled by Frances (25 damage)
             ... in the Dungeon (Sprint III: "The Ten Rune Challenge").
             The game lasted 00:05:06 (1859 turns).

MikeHunt the Severer (Minotaur Berserker)           Turns: 1859, Time: 00:05:07

Health: -10/144    AC:  6    Str: 21    XL:     9   Next: 95%
Magic:  2/2        EV: 15    Int:  4    God:    Trog [******]
Gold:   4525       SH:  0    Dex: 14    Spells: 8/8 levels left

rFire   . . .      SeeInvis +   s - +5 battleaxe (antimagic) {god gift}
rCold   . . .      Faith    .   (shield currently unavailable)
rNeg    . . .      Spirit   .   b - +0 animal skin
rPois   .          Reflect  .   (helmet restricted)
rElec   .          Harm     .   k - +2 cloak {Stlth+}
rCorr   +          Rampage  .   i - +0 pair of gloves
Will    ++...      NoTele   +   (no boots)
Stlth   ..........              (no amulet)
HPRegen 1.34/turn               t - ring of see invisible
MPRegen 0.08/turn               v - ring of resist corrosion

@: berserking, strong-willed, regenerating, very quick
A: horns 2, retaliatory headbutt, low mp 1
a: Renounce Religion, Berserk, Trog's Hand, Brothers in Arms


You were in the Dungeon.
You worshipped Trog.
Trog was exalted by your worship.
You visited 1 branch You collected 4773 gold pieces.
You spent 248 gold pieces at shops.

Inventory:

Hand Weapons
 a - a +0 hand axe
 r - a +4 battleaxe of flaming {god gift}
 s - a +5 antimagic battleaxe (weapon) {god gift}
Missiles
 j - 18 poisoned darts
Armour
 b - a +0 animal skin (worn)
 i - a +0 pair of gloves (worn)
 k - a +2 cloak of stealth (worn)
Jewellery
 t - a ring of see invisible (left hand)
 v - a ring of resist corrosion (right hand)
Wands
 p - a wand of charming (8)
Scrolls
 h - a scroll of blinking
 l - 3 scrolls of holy word
 o - 2 scrolls of identify {unknown}
Potions
 c - a potion of curing
 d - 2 potions of heal wounds
 e - a potion of haste
 f - 2 potions of magic
 g - 2 potions of berserk rage
 m - 5 potions of flight
 n - 4 potions of mutation
 u - a potion of degeneration {unknown}
 w - a potion of brilliance {unknown}
Miscellaneous
 q - a condenser vane (quivered)


   Skills:
 - Level 14.4 Fighting
 + Level 18.4 Axes
 - Level 2.4 Armour
 - Level 6.9 Dodging
 - Level 8.4 Evocations


You had 8 spell levels left.
You didn't know any spells.
Your spell library was empty.

Dungeon Overview and Level Annotations

Branches:
Dungeon (1/1)

Altars:
Cheibriados
Dithmenos
Elyvilon
Fedhas
Gozag
Hepliaklqana
Kikubaaqudgha
Makhleb
Nemelex Xobeh
Okawaru
Qazlal
Ru
Sif Muna
Trog
Uskayaw
Vehumet
Wu Jian
Xom
Yredelemnul
Zin
The Shining One
Beogh
Jiyva
Lugonu

Shops:
D *

Annotations:
D Donald, Frances


Innate Abilities, Weirdness & Mutations

You have a pair of horns on your head.
You reflexively headbutt those who attack you in melee.
Your magical capacity is low. (-10% MP)


Message History

Donald shouts!
You close the door.
Frances hits you with a +0 war axe of holy wrath!
Frances completely misses you. You furiously retaliate!
You headbutt Frances, but do no damage.
A red film seems to cover your vision as you go berserk!
You feel yourself moving faster!
You feel mighty!
Frances whispers indecipherable words.
The iron shot hits you!!!
Donald mumbles some strange words.
Donald seems to speed up.
You are too injured to fight recklessly!
You are too injured to fight recklessly!
You are too injured to fight recklessly!
You are too injured to fight recklessly!
You hit Frances.
Frances's magic leaks into the air.
You headbutt Frances.
Frances is lightly wounded.
Donald blocks your attack.
Frances hits you with a +0 war axe of holy wrath!!
Donald mumbles some strange words.
Donald seems to grow stronger.
You closely miss Frances.
Frances is lightly wounded.
Donald blocks your attack.
Frances hits you with a +0 war axe of holy wrath!!
* * * LOW HITPOINT WARNING * * *
Donald hits you with a +0 war axe of holy wrath!!
* * * LOW HITPOINT WARNING * * *
You closely miss Frances.
Frances is lightly wounded.
You hit Donald.
Donald's magic leaks into the air.
Frances misses you. You furiously retaliate!
You headbutt Frances! Donald barely misses you.
You slice Frances!!
Frances's magic leaks into the air.
You headbutt Frances.
Frances is heavily wounded.
Donald blocks your attack.
You slice Frances!!
Frances's magic leaks into the air.
You headbutt Frances.
Frances is heavily wounded.
You completely miss Donald.
Frances hits you with a +0 war axe of holy wrath!!
You die...

##.#.)#.##)###.#...^..#
)##)#.#.##.#.)##.^^...#
#.))#..#..##..)...^.^^#
▓▓▓▓▓▓▓▓▓▓▓▓▓▓#)^...^.#
#.......# +....^..#
#.......# ##+######
#.@.+ #@@.# #...# #####


You could see Frances (fast) and Donald (fast, strong).

Vanquished Creatures
  Erolcha (D)
  An orc high priest (D)
  A deep elf pyromancer (D)
  2 redbacks (D)
  A shadow (D)
  A spatial vortex (D)
  A necrophage (D)
  5 two-headed ogres (D)
  A water elemental (D)
  A jelly (D)
  2 orc priests (D)
  Crazy Yiuf (D)
  A wizard (D)
  Jessica (D)
  A necromancer (D)
  5 orc wizards (D)
  3 humans (D)
  A kobold demonologist (D)
  10 orcs (D)
  An endoplasm (D)
  2 rats (D)
43 creatures vanquished.

Notes
Turn   | Place    | Note
-------+----------+-------------------------------------------
     0 | D        | MikeHunt the Minotaur Berserker began the quest for the
                  | Orb.
     0 | D        | Reached XP level 1. HP: 19/19 MP: 0/0
     9 | D        | Reached skill level 4 in Axes
    52 | D        | Noticed Jessica
    55 | D        | Killed Jessica
    55 | D        | Reached ** piety under Trog
    56 | D        | Reached skill level 8 in Axes
    56 | D        | Reached XP level 2. HP: 26/26 MP: 1/1
    69 | D        | Reached XP level 3. HP: 33/33 MP: 2/2
   133 | D        | Noticed Crazy Yiuf
   137 | D        | Killed Crazy Yiuf
   137 | D        | Reached *** piety under Trog
   138 | D        | Reached skill level 5 in Fighting
   138 | D        | Reached skill level 9 in Axes
   138 | D        | Reached XP level 4. HP: 44/44 MP: 3/3
   221 | D        | Noticed a water elemental
   233 | D        | Killed a water elemental
   234 | D        | Reached skill level 10 in Axes
   499 | D        | Found a basalt altar of Yredelemnul.
   499 | D        | Found a shadowy altar of Dithmenos.
   499 | D        | Found a sacrificial altar of Ru.
   499 | D        | Noticed a necrophage
   509 | D        | Reached XP level 5. HP: 53/53 MP: 4/4
   518 | D        | Killed a necrophage
   519 | D        | Reached skill level 11 in Axes
   614 | D        | Noticed a shadow
   619 | D        | Killed a shadow
   619 | D        | Reached **** piety under Trog
   620 | D        | Reached skill level 10 in Fighting
   620 | D        | Reached skill level 12 in Axes
   620 | D        | Reached XP level 6. HP: 67/67 MP: 5/5
   652 | D        | Found a glowing silver altar of Zin.
   652 | D        | Found a glowing golden altar of the Shining One.
   652 | D        | Found a white marble altar of Elyvilon.
   652 | D        | Noticed a deep elf pyromancer
   653 | D        | Noticed a fire elemental
   653 | D        | Noticed a fire elemental
   663 | D        | Noticed a fire elemental
   663 | D        | Noticed a fire elemental
   663 | D        | Killed a deep elf pyromancer
   664 | D        | Reached skill level 13 in Axes
   664 | D        | Reached XP level 7. HP: 27/78 MP: 6/6
   779 | D        | Found a hide-covered altar of Uskayaw.
   779 | D        | Found an iron altar of Okawaru.
   779 | D        | Found a bloodstained altar of Trog.
   779 | D        | Found an ornate altar of the Wu Jian Council.
   779 | D        | Noticed a human
   779 | D        | Noticed a human
   784 | D        | Killed a human
   784 | D        | Reached ***** piety under Trog
   785 | D        | Reached skill level 14 in Axes
   786 | D        | Killed a human
   787 | D        | Reached XP level 8. HP: 66/85 MP: 7/7
   941 | D        | Found a radiant altar of Vehumet.
   942 | D        | Found a shimmering blue altar of Sif Muna.
   942 | D        | Found an ancient bone altar of Kikubaaqudgha.
  1077 | D        | Found a blossoming altar of Fedhas.
  1077 | D        | Found a stormy altar of Qazlal.
  1077 | D        | Found a snail-covered altar of Cheibriados.
  1077 | D        | Found a burning altar of Makhleb.
  1077 | D        | Found a shimmering altar of Xom.
  1078 | D        | Found a hazy altar of Hepliaklqana.
  1078 | D        | Found an opulent altar of Gozag.
  1078 | D        | Found a sparkling altar of Nemelex Xobeh.
  1078 | D        | Found a corrupted altar of Lugonu.
  1078 | D        | Found a viscous altar of Jiyva.
  1370 | D        | Noticed a two-headed ogre
  1378 | D        | Killed a two-headed ogre
  1497 | D        | Reached ****** piety under Trog
  1498 | D        | Received a gift from Trog
  1516 | D        | Received a gift from Trog
  1525 | D        | Noticed an orc high priest
  1527 | D        | Reached XP level 9. HP: 96/96 MP: 8/8
  1528 | D        | Noticed a soul eater
  1658 | D        | Noticed an orange demon
  1659 | D        | Noticed a smoke demon
  1659 | D        | Found Dyprijies's Assorted Antiques.
  1661 | D        | Gained mutation: Your magical capacity is low. (-10% MP) [a
                  | neqoxec]
  1665 | D        | Killed an orc high priest
  1665 | D        | Received a gift from Trog
  1666 | D        | Reached skill level 15 in Axes
  1697 | D        | Bought a runed sapphire ring for 90 gold pieces
  1697 | D        | Bought a clear potion for 16 gold pieces
  1697 | D        | Bought a shiny sapphire ring for 90 gold pieces
  1697 | D        | Bought a scroll labelled OBRUGRU TILEOPIO for 18 gold
                  | pieces
  1697 | D        | Bought a fuming dark potion for 16 gold pieces
  1697 | D        | Bought a scroll labelled SIOCEOBYPI for 18 gold pieces
  1723 | D        | Noticed a two-headed ogre
  1723 | D        | Noticed Erolcha
  1727 | D        | Killed Erolcha
  1728 | D        | Reached skill level 17 in Axes
  1730 | D        | Killed a two-headed ogre
  1732 | D        | Reached skill level 18 in Axes
  1736 | D        | Received a gift from Trog
  1849 | D        | Noticed Donald
  1851 | D        | Noticed Frances
  1859 | D        | Mangled by Frances

Illustrated notes

Levels and vault maps discovered:
D:        dungeon_sprint_mu [sprint_mu_entry_cave, sprint_mu_temple_rooms,
          sprint_mu_d1_spiders, sprint_mu_d2_genie, sprint_mu_d3_branching,
          sprint_mu_orc_legion, sprint_mu_elf_gauntlet, sprint_mu_hive_nellie,
          sprint_mu_lair_fedhas, sprint_mu_vaults_butterflies,
          sprint_mu_slime_circle, sprint_mu_shoals_archi,
          sprint_mu_snake_twists, sprint_mu_blade_basic,
          sprint_mu_crypt_chambers, sprint_mu_tomb_spiral,
          sprint_mu_vestibule_basic, sprint_mu_gehenna_hellfire,
          sprint_mu_dis_giant, sprint_mu_tartarus_statrot,
          sprint_mu_cocytus_islands, sprint_mu_zot1]

Skill      XL: |  1  2  3  4  5  6  7  8  9 |
---------------+----------------------------+-----
Axes           | 8 9 10 12 13 14 18 | 18.4
Fighting       | 5 8 10 12 14 | 14.4
Evocations     | 3 6 7 8 |  8.4
Dodging        | 6 |  6.9
Armour         | |  2.4

Action                   |  1- 3 |  4- 6 |  7- 9 || total
-------------------------+-------+-------+-------++-------
Melee: Hand axe          |    12 |    35 |    48 ||    95
       Headbutt          |     1 |     5 |    18 ||    24
       Battleaxe         |       |       |    23 ||    23
Invok: Berserk           |     2 |     4 |     9 ||    15
       Trog's Hand       |       |       |     2 ||     2
Evoke: Condenser vane    |       |       |     1 ||     1
  Use: Scroll            |       |       |     1 ||     1
Armor: Animal skin       |       |     6 |     9 ||    15
Dodge: Dodged            |     8 |    11 |    28 ||    47

Table legend: (Time is in decaauts)
 A = Elapsed time spent in this place.
 B = Non-inter-level travel time spent in this place.
 C = Inter-level travel time spent in this place.
 D = Time resting spent in this place.
 E = Time spent auto-exploring this place.
 F = Levels seen in this place.
 G = Mean time per level.
                   A        B        C        D        E       F      G
               +--------+--------+--------+--------+--------+-----+--------+
         Total |   1954 |   1954 |      0 |   1492 |      0 |   1 | 1954.0 |
       Dungeon |   1954 |   1954 |      0 |   1492 |      0 |   1 | 1954.0 |
               +--------+--------+--------+--------+--------+-----+--------+

Top non-repeatable levels by time:
       D: 1954 daAuts
